[Event "Titled Tuesday Blitz February 15 Late 2022"]
[White "Carreto Nieto, Giovanni"]
[Black "Antolak, Julia"]
[WhiteFideId "5105030"]
[BlackFideId "1159569"]
[WhiteElo "2221"]
[BlackElo "2104"]
[Result "1-0"]
[Round "08"]
[TimeControl "180+1"]
[Date "2022.02.16"]
[WhiteClock "0:00:21"]
[BlackClock "0:00:33"]

1. e4 c5 2. Nf3 e6 3. d4 cxd4 4. Nxd4 Nf6 5. Nc3 d6 6. Bg5 Be7 7. f4 h6 8. Bh4 Nbd7 9. Qf3 Nc5 10. O-O-O Qb6 11. f5 e5 12. Bxf6 Bxf6 13. Nd5 Qd8 14. Nb5 O-O 15. Nxf6+ Qxf6 16. Rxd6 Qg5+ 17. Kb1 Bd7 18. Nc3 Bc6 19. Bc4 Qf4 20. Qxf4 exf4 21. Bd5 Rad8 22. Rxd8 Rxd8 23. Bxc6 bxc6 24. Kc1 Rd4 25. Rd1 Rxd1+ 26. Kxd1 Kf8 27. Ke2 Ke7 28. Kf3 Kd6 29. Kxf4 Nd7 30. Nd1 Ne5 31. Ne3 f6 32. g4 Kc5 33. h4 Kd4 34. a3 a5 35. a4 Nd7 36. Nd1 Ne5 37. Nf2 Nc4 38. c3+ Kc5 39. Nd3+ Kd6 40. b4 axb4 41. cxb4 Na3 42. g5 hxg5+ 43. hxg5 Nc4 44. gxf6 gxf6 45. a5 Na3 46. e5+ fxe5+ 47. Nxe5 Nc2 48. Nd3 Nd4 49. Ke4 Nb5 50. a6 Nc3+ 51. Kd4 Nb5+ 52. Ke3 Ke7 53. Kf4 Kf6 54. Nc5 Nc7 55. a7 Ke7 56. Ne4 Kf7 57. Ke5 Ke7 58. f6+ Kf7 59. Kd6 1-0


[Site "https://www.chess.com"]

[Event "Titled Tuesday Blitz February 15 Late 2022"]
[White "Chabris, Christopher"]
[Black "Vine, Elzbieta"]
[WhiteFideId "2005263"]
[BlackFideId "1119320"]
[WhiteElo "2309"]
[BlackElo "1854"]
[Result "1-0"]
[Round "08"]
[TimeControl "180+1"]
[Date "2022.02.16"]
[WhiteClock "0:00:14"]
[BlackClock "0:00:02"]

1. e4 c5 2. Nf3 e6 3. d4 cxd4 4. Nxd4 Nc6 5. Nc3 Nf6 6. a3 a6 7. Nxc6 bxc6 8. e5 Nd5 9. Ne4 Qa5+ 10. Bd2 Qb6 11. c4 Qxb2 12. Nd6+ Bxd6 13. exd6 O-O 14. cxd5 exd5 15. Be2 Re8 16. O-O Qe5 17. Bd3 Qxd6 18. Qh5 h6 19. Rae1 Re6 20. Qf5 g6 21. Qh3 h5 22. Bf5 gxf5 23. Qxh5 Bb7 24. Rxe6 dxe6 25. Bg5 e5 26. Re1 e4 27. Qh4 Re8 28. Bf6 Qxf6 29. Qxf6 Kf8 30. Qxf5 c5 31. Qf6 c4 32. Qd6+ Kg8 33. Re3 Re6 34. Qd8+ 1-0


[Site "https://www.chess.com"]

[Event "Titled Tuesday Blitz February 15 Late 2022"]
[White "Chernomordik, Pavel"]
[Black "Kujawski, Adam"]
[WhiteFideId "2804530"]
[BlackFideId "1100920"]
[WhiteElo "2249"]
[BlackElo "2053"]
[Result "0-1"]
[Round "08"]
[TimeControl "180+1"]
[Date "2022.02.16"]
[WhiteClock "0:00:27"]
[BlackClock "0:00:08"]

1. e4 e5 2. Nf3 Nc6 3. Bb5 a6 4. Ba4 Nf6 5. Qe2 b5 6. Bb3 Bc5 7. a4 b4 8. Bxf7+ Kxf7 9. Qc4+ Kf8 10. Qxc5+ Qe7 11. Qe3 a5 12. d3 d6 13. h3 h6 14. Nbd2 g5 15. Nf1 Nh5 16. g3 Kg7 17. Qe2 Qf7 18. Ne3 Rf8 19. Nf5+ Bxf5 20. exf5 Qxf5 21. Nxg5 Nd4 22. Qd2 hxg5 23. g4 Nf3+ 24. Kd1 Nxd2 25. gxf5 Nf3 26. Be3 Rxf5 27. Ke2 Raf8 28. c3 d5 29. cxb4 d4 30. Bc1 Nh4 31. Rh2 Nf4+ 32. Bxf4 exf4 33. b5 Re8+ 34. Kf1 Nf3 35. Rg2 Rfe5 36. Rg4 Re1+ 37. Rxe1 Rxe1+ 38. Kg2 Nh4+ 39. Kh2 Kf6 40. f3 Re2+ 41. Kh1 Nxf3 42. Rg2 Re1+ 0-1


[Site "https://www.chess.com"]

[Event "Titled Tuesday Blitz February 15 Late 2022"]
[White "Chigaev, Maksim"]
[Black "Lugovskoy, Maxim"]
[WhiteFideId "4108116"]
[BlackFideId "24126454"]
[WhiteElo "2502"]
[BlackElo "2444"]
[Result "1/2-1/2"]
[Round "08"]
[TimeControl "180+1"]
[Date "2022.02.15"]
[WhiteClock "0:00:06"]
[BlackClock "0:00:05"]

1. c4 e6 2. g3 d5 3. Bg2 Nf6 4. Nf3 d4 5. d3 c5 6. e4 Nc6 7. e5 Nd7 8. Bf4 Be7 9. h4 h6 10. Nbd2 Qc7 11. Qe2 b6 12. h5 Bb7 13. O-O-O O-O-O 14. Kb1 Kb8 15. a3 a6 16. g4 Ka7 17. Rhg1 Rhg8 18. Ne4 Rdf8 19. Bg3 Rd8 20. g5 hxg5 21. Nfxg5 Rdf8 22. f4 Rh8 23. Bf3 Na5 24. Bg4 Qd8 25. Be1 Nc6 26. Bd2 Qc7 27. Bc1 Qd8 28. Bxe6 fxe6 29. Nxe6 Qe8 30. Nxg7 Qc8 31. Ne6 Re8 32. Ng7 Ref8 33. e6 Nf6 34. Ng5 Qc7 35. f5 Na5 36. Nf7 Rh7 37. h6 b5 38. cxb5 axb5 39. Rdf1 c4 40. Bf4 Qc5 41. Qe5 Nd5 42. Nd6 Nc6 43. Ne4 Nxe5 44. Nxc5 Bxc5 45. Bxe5 Rxh6 46. f6 Nxf6 47. Nf5 Rh3 48. e7 Re8 49. Bxf6 cxd3 50. Bxd4 Bxd4 51. Nxd4 Rxe7 52. Nxb5+ Kb6 53. Nc3 Rd7 54. Rf6+ Ka7 55. Nb5+ Kb8 56. Rg8+ Bc8 57. Rb6+ Rb7 58. Rxb7+ Kxb7 59. Nd6+ Kc7 60. Rxc8+ Kxd6 61. Rd8+ Ke5 62. Ka2 Ke4 63. a4 Ke3 64. a5 d2 65. a6 Rh6 66. Re8+ Kd3 67. Rd8+ Ke2 68. Re8+ Kd3 69. Rd8+ Ke2 70. Re8+ Kd3 1/2-1/2


[Site "https://www.chess.com"]

[Event "Titled Tuesday Blitz February 15 Late 2022"]
[White "Corrales Jimenez, Fidel"]
[Black "Grigorov, Grigor"]
[WhiteFideId "3506690"]
[BlackFideId "2907313"]
[WhiteElo "2541"]
[BlackElo "2510"]
[Result "0-1"]
[Round "08"]
[TimeControl "180+1"]
[Date "2022.02.15"]
[WhiteClock "0:00:06"]
[BlackClock "0:00:05"]

1. e4 c6 2. d4 d5 3. e5 Bf5 4. Nf3 e6 5. Be2 c5 6. O-O Nc6 7. Be3 Qb6 8. Nc3 Qxb2 9. Qe1 cxd4 10. Nxd4 Bb4 11. Nxf5 Qxc3 12. Nd6+ Kf8 13. Qb1 Qxe5 14. Nxb7 Rb8 15. Ba6 Nge7 16. Qb3 Bd6 17. g3 Qh5 18. Rab1 Ne5 19. f4 Nf3+ 20. Kg2 Nxh2 21. Rh1 Nf5 22. Rxh2 Qg4 23. Bf2 Bxf4 24. Qf3 Qxf3+ 25. Kxf3 Bc7 26. Rhh1 h5 27. Ke2 Nxg3+ 28. Bxg3 Bxg3 29. Rhf1 Ke7 30. Rb3 h4 31. c4 dxc4 32. Bxc4 Rhc8 33. Na5 Rxb3 34. axb3 Rc5 35. b4 Rc7 36. Rd1 g5 37. b5 g4 38. Nc6+ Kf6 39. Rf1+ Kg5 40. Ke3 f5 41. Bxe6 f4+ 42. Ke4 h3 43. Ne5 Re7 44. Bb3 f3 45. Kd3 Rxe5 46. Bc4 h2 47. Ra1 Re1 48. Ra5 h1=Q 49. b6+ Kf4 50. bxa7 Qf1+ 51. Kd4 Re4+ 52. Kd5 Qxc4+ 53. Kd6 Re6+ 54. Kd7 Qc6+ 55. Kd8 Re8# 0-1


[Site "https://www.chess.com"]

[Event "Titled Tuesday Blitz February 15 Late 2022"]
[White "Curtis, John"]
[Black "Ruiz Aguilar, Pablo Alexander"]
[WhiteFideId "3200256"]
[BlackFideId "4401352"]
[WhiteElo "2203"]
[BlackElo "2125"]
[Result "1-0"]
[Round "08"]
[TimeControl "180+1"]
[Date "2022.02.16"]
[WhiteClock "0:01:43"]
[BlackClock "0:02:04"]

1. e4 c5 2. Nf3 e6 3. c3 d5 4. exd5 Qxd5 5. d4 Nc6 6. Be3 cxd4 7. Nxd4 Nxd4 8. Qxd4 Qxd4 9. Bxd4 Bd7 10. Na3 Nf6 11. Nb5 Nd5 12. Bc4 a6 13. Bxd5 axb5 14. Bxb7 Rb8 15. Bf3 b4 16. O-O bxc3 17. Bxc3 Bb4 18. Bxg7 Rg8 19. Be5 Rg5 20. Bxb8 1-0


[Site "https://www.chess.com"]

[Event "Titled Tuesday Blitz February 15 Late 2022"]
[White "Debray, Christopher"]
[Black "Hamley, Ryan"]
[WhiteFideId "630810"]
[BlackFideId "30959497"]
[WhiteElo "2369"]
[BlackElo "2429"]
[Result "0-1"]
[Round "08"]
[TimeControl "180+1"]
[Date "2022.02.16"]
[WhiteClock "0:00:13"]
[BlackClock "0:00:09"]

1. d4 Nf6 2. Bf4 e6 3. e3 b6 4. Nd2 Bb7 5. Ngf3 g6 6. Bd3 Bg7 7. c4 d6 8. O-O Nbd7 9. h3 O-O 10. Bh2 Re8 11. e4 Qe7 12. Re1 e5 13. d5 a5 14. b3 Nh5 15. a3 Nf4 16. Bc2 h6 17. b4 Rf8 18. Nb3 axb4 19. axb4 Rxa1 20. Qxa1 Ra8 21. Qb2 Qd8 22. Ra1 Ne2+ 23. Kf1 Nd4 24. Bd1 Nf6 25. Nfd2 c6 26. f4 cxd5 27. cxd5 Nxb3 28. Bxb3 exf4 29. Rxa8 Qxa8 30. Qa2 Ba6+ 31. Ke1 Qc8 32. Qc2 Qe8 33. Bxf4 Bf8 34. Be3 Qe5 35. Nf3 Qa1+ 36. Kd2 Bg7 37. Bd4 Qa3 38. Qb2 Qxb4+ 39. Qc3 Nxe4+ 0-1


[Site "https://www.chess.com"]

[Event "Titled Tuesday Blitz February 15 Late 2022"]
[White "Degardin, Sylvain"]
[Black "Golubenko, Valentina"]
[WhiteFideId "20623070"]
[BlackFideId "4501993"]
[WhiteElo "2156"]
[BlackElo "2164"]
[Result "1-0"]
[Round "08"]
[TimeControl "180+1"]
[Date "2022.02.16"]
[WhiteClock "0:01:26"]
[BlackClock "0:00:12"]

1. d4 Nf6 2. c4 c5 3. d5 d6 4. Nc3 g6 5. e4 e6 6. h3 exd5 7. cxd5 Bg7 8. Nf3 O-O 9. Bd3 Re8 10. O-O a6 11. a4 Qc7 12. Re1 Nbd7 13. Bf4 b6 14. Nd2 Nh5 15. Bh2 Ne5 16. Bf1 Rb8 17. f4 Nd7 18. Nc4 b5 19. axb5 axb5 20. Na5 c4 21. Nc6 Rb7 22. Qc2 Nc5 23. e5 dxe5 24. fxe5 Bf5 25. Qf2 Nd3 26. Bxd3 Bxd3 27. e6 Qb6 28. exf7+ Rxf7 29. Rxe8+ Bf8 30. Qxb6 1-0


[Site "https://www.chess.com"]

[Event "Titled Tuesday Blitz February 15 Late 2022"]
[White "Dias, Joao Batista"]
[Black "Urbina Quiroz, Edwin"]
[WhiteFideId "2108240"]
[BlackFideId "6500650"]
[WhiteElo "1898"]
[BlackElo "2130"]
[Result "1-0"]
[Round "08"]
[TimeControl "180+1"]
[Date "2022.02.16"]
[WhiteClock "0:01:18"]
[BlackClock "0:00:11"]

1. e4 e5 2. Nf3 Nc6 3. d4 exd4 4. Nxd4 Bb4+ 5. c3 Bc5 6. Nxc6 bxc6 7. Bd3 Nf6 8. O-O O-O 9. Bg5 Re8 10. Re1 h6 11. Bh4 g5 12. Bg3 d6 13. Kh1 Bg4 14. f3 Bh5 15. a4 a5 16. Na3 Bg6 17. Qc2 Nh5 18. Bf2 Bxf2 19. Qxf2 Nf4 20. Bc2 Qb8 21. b3 Qb6 22. Qxb6 cxb6 23. Nc4 d5 24. Nxb6 Ra7 25. c4 Rb8 26. c5 Ne6 27. exd5 Nxc5 28. Bxg6 fxg6 29. Rac1 Nd3 30. Nc4 Nxc1 31. Rxc1 cxd5 32. Ne5 Rxb3 33. h3 d4 34. Rc6 d3 35. Rd6 Ra3 36. Nxd3 Rxa4 37. Ne5 Ra1+ 38. Kh2 a4 39. Rxg6+ Kh7 40. Rd6 a3 41. Ng4 a2 42. Nf6+ Kg7 43. Nh5+ Kf7 44. Rxh6 Ke8 45. Rh8+ Kf7 46. Rh7+ Kg6 47. Rxa7 Kxh5 48. Kg3 Kg6 49. Ra6+ Kh5 50. Kh2 g4 51. hxg4+ Kg5 52. Kg3 Rb1 53. f4# 1-0


[Site "https://www.chess.com"]

[Event "Titled Tuesday Blitz February 15 Late 2022"]
[White "Domingo Nunez, Alejandro"]
[Black "Csonka, Balazs"]
[WhiteFideId "22245561"]
[BlackFideId "742910"]
[WhiteElo "2215"]
[BlackElo "2404"]
[Result "0-1"]
[Round "08"]
[TimeControl "180+1"]
[Date "2022.02.16"]
[WhiteClock "0:00:01"]
[BlackClock "0:00:04"]

1. Nf3 Nf6 2. g3 d5 3. Bg2 e6 4. O-O Be7 5. d4 O-O 6. c4 Nbd7 7. Qc2 c6 8. Nbd2 b6 9. e4 Ba6 10. Re1 Rc8 11. Qa4 Bxc4 12. Nxc4 b5 13. Qxa7 bxc4 14. e5 Ne4 15. Qa4 c5 16. Be3 Ra8 17. Qc2 Qb6 18. b3 cxb3 19. axb3 Rab8 20. Reb1 Rfc8 21. Qd3 cxd4 22. Bxd4 Bc5 23. Qe3 Bxd4 24. Qxd4 Nc3 25. Rb2 Qxd4 26. Nxd4 Nxe5 27. Rc2 Nd3 28. Bf1 Nb4 29. Rcc1 Ne4 30. Re1 g6 31. Ra7 Nc6 32. Nxc6 Rxc6 33. Bg2 Nd2 0-1


[Site "https://www.chess.com"]

[Event "Titled Tuesday Blitz February 15 Late 2022"]
[White "Dreev, Aleksey"]
[Black "Grischuk, Alexander"]
[WhiteFideId "4100107"]
[BlackFideId "4126025"]
[WhiteElo "2636"]
[BlackElo "2762"]
[Result "0-1"]
[Round "08"]
[TimeControl "180+1"]
[Date "2022.02.15"]
[WhiteClock "0:00:04"]
[BlackClock "0:00:07"]

1. d4 e6 2. c4 b6 3. Nc3 Bb7 4. Nf3 Bb4 5. Qb3 a5 6. a3 a4 7. Qc2 Bxc3+ 8. Qxc3 Nf6 9. Bg5 h6 10. Bh4 g5 11. Bg3 Ne4 12. Qc2 d6 13. e3 Nd7 14. Bd3 f5 15. O-O-O Qe7 16. Kb1 Ndf6 17. d5 e5 18. Nd2 O-O 19. f3 Nxd2+ 20. Qxd2 e4 21. Bc2 Ra5 22. h4 g4 23. Bf4 Kh7 24. Qd4 Ba6 25. Rc1 Qe8 26. Bg5 Qg6 27. Bxf6 Qxf6 28. fxe4 Qxd4 29. exd4 Bxc4 30. Rhe1 Kg7 31. exf5 Bxd5 32. Be4 Rf7 33. f6+ Kxf6 34. Rf1+ Kg7 35. Rxf7+ Kxf7 36. Rxc7+ Kf6 37. Bxd5 Rxd5 38. Rc4 b5 39. Rb4 Kf5 40. Kc2 Kf4 41. Kd3 Kg3 42. Ke4 Rh5 43. b3 Kxg2 44. bxa4 bxa4 45. Kf4 Rxh4 46. Rb2+ Kh3 0-1


[Site "https://www.chess.com"]

[Event "Titled Tuesday Blitz February 15 Late 2022"]
[White "Dubov, Daniil"]
[Black "Tang, Andrew"]
[WhiteFideId "24126055"]
[BlackFideId "2059630"]
[WhiteElo "2791"]
[BlackElo "2584"]
[Result "1-0"]
[Round "08"]
[TimeControl "180+1"]
[Date "2022.02.15"]
[WhiteClock "0:00:40"]
[BlackClock "0:00:04"]

1. d4 d5 2. Bf4 Nf6 3. e3 e6 4. Nf3 Bd6 5. Bg3 O-O 6. Nbd2 c5 7. c3 Qc7 8. Bd3 Nbd7 9. Bh4 b6 10. O-O Bb7 11. Qb1 h6 12. Re1 Rac8 13. a3 Rfe8 14. b4 cxd4 15. cxd4 Qb8 16. Qb2 Rc7 17. Bg3 Bxg3 18. hxg3 Rec8 19. Rac1 Ne8 20. g4 Nd6 21. g5 Nc4 22. Bxc4 dxc4 23. Rc3 b5 24. gxh6 Nb6 25. e4 Na4 26. Qc1 Nxc3 27. Qxc3 f6 28. d5 exd5 29. e5 Re7 30. hxg7 Rce8 31. e6 Rxe6 32. Rxe6 Rxe6 33. Nd4 Re1+ 34. Nf1 Qe5 35. Qd2 Re4 36. Qh6 Qg5 37. Qh8+ Kf7 38. Qf8+ 1-0


[Site "https://www.chess.com"]

[Event "Titled Tuesday Blitz February 15 Late 2022"]
[White "Ezat, Mohamed"]
[Black "Kavyev, Ruslan"]
[WhiteFideId "10600906"]
[BlackFideId "34110981"]
[WhiteElo "2386"]
[BlackElo "2182"]
[Result "0-1"]
[Round "08"]
[TimeControl "180+1"]
[Date "2022.02.15"]
[WhiteClock "0:00:13"]
[BlackClock "0:00:05"]

1. d4 Nf6 2. c4 g6 3. Nc3 Bg7 4. e4 d6 5. Be2 O-O 6. Bg5 c5 7. d5 b5 8. cxb5 a6 9. a4 Qa5 10. Bd2 axb5 11. Bxb5 e6 12. Nf3 Qb6 13. dxe6 Bxe6 14. O-O Nc6 15. Bf4 Rfd8 16. Nd5 Bxd5 17. exd5 Nb4 18. Nd2 Nfxd5 19. Nc4 Qc7 20. Bg3 Nb6 21. Bxd6 Qb7 22. Re1 Nxc4 23. Bxc4 Bf8 24. Bxf8 Rxd1 25. Raxd1 Kxf8 26. b3 Re8 27. Rxe8+ Kxe8 28. g3 Qf3 29. Rd6 Nc2 30. a5 Ne1 31. Kf1 Qh1+ 32. Ke2 Nc2 33. a6 Nd4+ 34. Kd2 Qa1 35. Kd3 Qb1+ 36. Ke3 Qe1+ 37. Kf4 Qxf2+ 38. Kg5 Qe3+ 39. Kg4 Qf3+ 40. Kh3 g5 41. Bd5 Qf5+ 42. Kg2 Nc2 43. Bf3 Ne1+ 44. Kf1 Nxf3 45. a7 Nd4+ 46. Kg2 Qf3+ 47. Kh3 Ne2 48. Rd4 Ng1# 0-1


[Site "https://www.chess.com"]

[Event "Titled Tuesday Blitz February 15 Late 2022"]
[White "Fedoseev, Vladimir"]
[Black "Sadhwani, Raunak"]
[WhiteFideId "24130737"]
[BlackFideId "35093487"]
[WhiteElo "2726"]
[BlackElo "2616"]
[Result "1-0"]
[Round "08"]
[TimeControl "180+1"]
[Date "2022.02.15"]
[WhiteClock "0:01:16"]
[BlackClock "0:00:13"]

1. d4 Nf6 2. Nf3 g6 3. Bf4 Bg7 4. c3 O-O 5. h3 d6 6. Nbd2 Nfd7 7. e4 e5 8. dxe5 Nxe5 9. Be2 Nbc6 10. O-O Nxf3+ 11. Nxf3 Re8 12. Qc2 h6 13. Rad1 Qe7 14. Rfe1 a5 15. Bc4 Be6 16. Bd5 Bxd5 17. exd5 Ne5 18. Nxe5 dxe5 19. Be3 f5 20. c4 Kh7 21. c5 Rad8 22. Qb3 c6 23. d6 Qd7 24. Bd2 Ra8 25. Bc3 Re6 26. Qa3 e4 27. Bxg7 Kxg7 28. b4 a4 29. Rb1 b5 30. cxb6 Rxd6 31. b5 cxb5 32. Rxb5 Qxb5 33. Qxd6 Rf8 34. Rc1 Rf7 35. Qd4+ Kh7 36. Rc8 g5 37. Rh8+ Kg6 38. Rg8+ Kh5 39. Qd1+ Kh4 40. g3+ 1-0


[Site "https://www.chess.com"]

[Event "Titled Tuesday Blitz February 15 Late 2022"]
[White "Fishbein, Alexander"]
[Black "Yedidia, Daniel"]
[WhiteFideId "2000377"]
[BlackFideId "30905907"]
[WhiteElo "2442"]
[BlackElo "2501"]
[Result "1-0"]
[Round "08"]
[TimeControl "180+1"]
[Date "2022.02.16"]
[WhiteClock "0:00:35"]
[BlackClock "0:00:03"]

1. e4 e5 2. Nf3 Nc6 3. Bb5 a6 4. Ba4 Nf6 5. O-O Be7 6. Re1 b5 7. Bb3 O-O 8. d4 d6 9. c3 Bg4 10. Be3 Na5 11. dxe5 Bxf3 12. Qxf3 dxe5 13. Bc2 Nc4 14. Bc1 Bc5 15. b3 Nd6 16. Bg5 h6 17. Bh4 Qe7 18. b4 Bb6 19. Bb3 Rac8 20. Nd2 Rfd8 21. Nf1 c5 22. Ne3 g5 23. Bg3 c4 24. Bc2 Bxe3 25. Qxe3 Nh5 26. f3 Nxg3 27. hxg3 Qc7 28. a4 Rd7 29. Red1 Rcd8 30. Rd5 f6 31. axb5 axb5 32. Ra6 Qb7 33. Qb6 Qxb6+ 34. Rxb6 Nf7 35. Rbxb5 Rxd5 36. exd5 Kf8 37. Rc5 Nd6 38. Rc7 Ke8 39. Bg6+ Kf8 40. Kh2 f5 41. g4 fxg4 42. Kg3 gxf3 43. gxf3 Nb5 44. Rxc4 Rxd5 45. Kg4 1-0


[Site "https://www.chess.com"]

[Event "Titled Tuesday Blitz February 15 Late 2022"]
[White "Gerbelli Neto, Eduardo"]
[Black "Desideri, Ricardo Maruchi"]
[WhiteFideId "2103281"]
[BlackFideId "2110440"]
[WhiteElo "2178"]
[BlackElo "1945"]
[Result "1-0"]
[Round "08"]
[TimeControl "180+1"]
[Date "2022.02.16"]
[WhiteClock "0:02:09"]
[BlackClock "0:00:17"]

1. e4 c5 2. Nc3 d6 3. f4 g6 4. Nf3 Bg7 5. Bb5+ Nd7 6. O-O a6 7. Bc4 b5 8. Bd5 Rb8 9. f5 Nb6 10. fxg6 e6 11. gxf7+ Kxf7 12. Ng5+ Kg6 13. Nxe6 Bxe6 14. Bxe6 Nf6 15. Qf3 Bh6 16. Qg3+ Bg5 17. h4 h6 18. d3 Nh5 19. Bf7+ Kh7 20. Bxh5 1-0


[Site "https://www.chess.com"]

[Event "Titled Tuesday Blitz February 15 Late 2022"]
[White "Goltseva, Ekaterina"]
[Black "Sarana, Alexey"]
[WhiteFideId "24173770"]
[BlackFideId "24133795"]
[WhiteElo "2140"]
[BlackElo "2665"]
[Result "0-1"]
[Round "08"]
[TimeControl "180+1"]
[Date "2022.02.15"]
[WhiteClock "0:00:02"]
[BlackClock "0:00:10"]

1. d4 Nf6 2. c4 e6 3. Nc3 Bb4 4. e3 d5 5. Bd2 O-O 6. Nf3 c5 7. cxd5 exd5 8. Bd3 c4 9. Bc2 Nc6 10. O-O Bd6 11. h3 Re8 12. b3 Nb4 13. bxc4 dxc4 14. e4 Nxc2 15. Qxc2 Bb4 16. e5 Bxc3 17. Qxc3 Nd5 18. Qxc4 b6 19. Bg5 Qd7 20. Rac1 Bb7 21. Rfe1 h6 22. Bd2 Qe6 23. Qd3 Rad8 24. Nh4 Rd7 25. Nf5 Qg6 26. f3 Kh7 27. Qb1 Ba6 28. Nd6 Re6 29. Qxg6+ Rxg6 30. Kf2 h5 31. g4 Re6 32. f4 f6 33. Ne4 Bd3 34. f5 Re8 35. Nd6 Ree7 36. Rc8 Ba6 37. Rf8 Rc7 38. g5 fxg5 39. Bxg5 Red7 40. Ne8 Rc2+ 41. Kg3 Nc3 42. Nd6 Ne2+ 43. Kh4 Nxd4 44. Kxh5 Be2+ 45. Kh4 Nf3+ 46. Kg3 Nxe1 47. e6 Rxd6 48. e7 Bb5 49. Rd8 Rg2+ 50. Kf4 Rc6 51. Rh8+ Kxh8 52. e8=Q+ Kh7 53. Qh5+ Rh6 54. Bxh6 Nd3+ 0-1


[Site "https://www.chess.com"]

[Event "Titled Tuesday Blitz February 15 Late 2022"]
[White "Golubev, Mikhail"]
[Black "Tari, Aryan"]
[WhiteFideId "14100983"]
[BlackFideId "1510045"]
[WhiteElo "2374"]
[BlackElo "2567"]
[Result "0-1"]
[Round "08"]
[TimeControl "180+1"]
[Date "2022.02.15"]
[WhiteClock "0:00:04"]
[BlackClock "0:01:07"]

1. e4 c6 2. d4 d5 3. e5 Bf5 4. h4 c5 5. g4 Bd7 6. dxc5 Nc6 7. f4 h5 8. f5 Nxe5 9. Qxd5 Bc6 10. Qxe5 Bxh1 11. g5 Bc6 12. Nc3 Qb8 13. Bf4 Qxe5+ 14. Bxe5 f6 15. Bf4 e5 16. fxe6 Bxc5 17. Nb5 O-O-O 18. Nh3 Ne7 19. gxf6 gxf6 20. Bc7 Rdg8 21. O-O-O Bxb5 22. Bxb5 Kxc7 23. Nf4 Rd8 0-1


[Site "https://www.chess.com"]

[Event "Titled Tuesday Blitz February 15 Late 2022"]
[White "Hambleton, Aman"]
[Black "Jones, Gawain C B"]
[WhiteFideId "2606577"]
[BlackFideId "409561"]
[WhiteElo "2552"]
[BlackElo "2657"]
[Result "1-0"]
[Round "08"]
[TimeControl "180+1"]
[Date "2022.02.15"]
[WhiteClock "0:00:05"]
[BlackClock "0:00:02"]

1. d4 Nf6 2. Bf4 c5 3. e3 g6 4. c3 Bg7 5. Nf3 b6 6. h3 Bb7 7. Bd3 O-O 8. O-O d6 9. Nbd2 Nbd7 10. Bh2 e5 11. dxe5 dxe5 12. e4 Nh5 13. Re1 Qf6 14. Bb5 Bc6 15. Qa4 Bxb5 16. Qxb5 Rfd8 17. a4 Nf4 18. Bxf4 exf4 19. e5 Qf5 20. Nc4 Qe6 21. Rad1 a6 22. Qb3 b5 23. axb5 Nb6 24. Na5 Qxb3 25. Nxb3 c4 26. Nbd4 Na4 27. bxa6 Nxb2 28. Ra1 Nd3 29. Re2 Rd5 30. a7 Nxe5 31. Nxe5 Bxe5 32. Nc6 Bxc3 33. Rc1 Rd3 34. Re4 f3 35. gxf3 Kg7 36. Rxc4 Bf6 37. Rb1 Rd7 38. Rb8 Raxa7 39. Nxa7 Rxa7 40. Rbc8 Ra3 41. Kg2 Ra5 42. R8c7 Rg5+ 43. Kf1 Rf5 44. Kg2 Rg5+ 45. Rg4 Rf5 46. Rb7 h5 47. Rc4 Rg5+ 48. Kf1 Rf5 49. Ke2 Re5+ 50. Re4 Ra5 51. Rc4 Re5+ 52. Kd3 Rf5 53. f4 Rd5+ 54. Ke4 Rd2 55. Rcc7 g5 56. Rxf7+ Kg6 57. f5+ Kh6 58. Rh7# 1-0


[Site "https://www.chess.com"]

[Event "Titled Tuesday Blitz February 15 Late 2022"]
[White "Dronavalli, Harika"]
[Black "Yoo, Christopher Woojin"]
[WhiteFideId "5015197"]
[BlackFideId "30909694"]
[WhiteElo "2382"]
[BlackElo "2105"]
[Result "0-1"]
[Round "08"]
[TimeControl "180+1"]
[Date "2022.02.15"]
[WhiteClock "0:00:15"]
[BlackClock "0:00:07"]

1. d4 Nf6 2. c4 e6 3. Nc3 d5 4. Bg5 Be7 5. e3 O-O 6. Qc2 h6 7. Bxf6 Bxf6 8. Nf3 c5 9. Rd1 cxd4 10. Nxd4 Nc6 11. cxd5 Nxd4 12. exd4 exd5 13. Be2 Be6 14. Qb3 Qd7 15. O-O Rfd8 16. Bf3 Rac8 17. Be2 Qc7 18. Rfe1 a6 19. Bf3 Qc4 20. Qxc4 Rxc4 21. Ne2 g5 22. h3 Rc2 23. Rb1 Rdc8 24. a4 Rd2 25. b4 b5 26. axb5 axb5 27. Red1 Rxd1+ 28. Rxd1 Rc4 29. Rb1 Be7 30. Ra1 Rxb4 31. g4 Bf6 32. Ra8+ Kg7 33. Rb8 Bxd4 34. Nxd4 Rxd4 35. Rxb5 Kf6 36. Rb8 Rd3 37. Kg2 Kg7 38. Rd8 Rd2 39. Kf1 Rd4 40. Ke2 Ra4 41. Ke3 Ra3+ 42. Ke2 Kf6 43. Bxd5 Ke7 44. Bxe6 Kxd8 45. Bxf7 Rxh3 46. f3 Ke7 47. Bg6 Rh2+ 48. Ke3 Kf6 49. Be8 Ke5 50. Bc6 Rc2 51. Be4 Rc3+ 52. Kf2 Kf4 53. Bd5 Rc2+ 54. Kf1 Ke3 55. Be4 Rf2+ 56. Kg1 Rxf3 57. Bxf3 Kxf3 0-1


[Site "https://www.chess.com"]

[Event "Titled Tuesday Blitz February 15 Late 2022"]
[White "Haszon, David"]
[Black "Villegas, Pierre"]
[WhiteFideId "733610"]
[BlackFideId "654183"]
[WhiteElo "2201"]
[BlackElo "2410"]
[Result "1-0"]
[Round "08"]
[TimeControl "180+1"]
[Date "2022.02.16"]
[WhiteClock "0:01:16"]
[BlackClock "0:00:04"]

1. e4 c6 2. d4 d5 3. e5 a6 4. Nf3 Bg4 5. Be2 e6 6. O-O c5 7. b3 Bxf3 8. Bxf3 cxd4 9. Qxd4 Nc6 10. Qf4 Nge7 11. Re1 Ng6 12. Qg3 Bb4 13. c3 Ba5 14. Bh5 Bc7 15. Bxg6 hxg6 16. Ba3 Qh4 17. f4 Bb6+ 18. Kf1 O-O-O 19. Nd2 Qxh2 20. Qxh2 Rxh2 21. Nf3 Rh1+ 22. Ke2 Rxe1+ 23. Rxe1 d4 24. cxd4 Nxd4+ 25. Nxd4 Rxd4 26. Rc1+ Kd7 27. Bd6 Rxf4 28. g3 Rd4 29. Rf1 f5 30. Bf8 Re4+ 31. Kf3 Rxe5 32. Bxg7 Re4 33. Bf6 Rg4 34. Rd1+ Kc6 35. Re1 Kd5 36. Re5+ Kd6 37. Re2 Bd4 38. Bd8 e5 39. Rc2 e4+ 40. Kg2 Kd5 41. Bc7 Be5 42. Rd2+ Ke6 43. Bxe5 Kxe5 44. Rd7 f4 45. Re7+ Kf5 46. Rf7+ Kg5 47. Rxb7 Rxg3+ 48. Kf2 e3+ 49. Ke2 Kg4 50. Rb6 g5 51. Rxa6 Rg2+ 52. Kd3 Kf3 53. Re6 Rd2+ 54. Kc3 Rxa2 55. b4 e2 56. b5 Kf2 57. b6 e1=Q+ 58. Rxe1 Kxe1 59. b7 f3 60. b8=Q Re2 61. Qg3+ Rf2 62. Qxg5 Re2 63. Qg1# 1-0


[Site "https://www.chess.com"]

[Event "Titled Tuesday Blitz February 15 Late 2022"]
[White "Hoffmann, Asa"]
[Black "Bugayev, Vladimir"]
[WhiteFideId "2001470"]
[BlackFideId "30901480"]
[WhiteElo "2117"]
[BlackElo "2408"]
[Result "1-0"]
[Round "08"]
[TimeControl "180+1"]
[Date "2022.02.16"]
[WhiteClock "0:00:23"]
[BlackClock "0:00:01"]

1. d4 Nf6 2. Bg5 d5 3. Nd2 c6 4. e3 g6 5. Bd3 Bg7 6. f4 Bf5 7. Ngf3 Bg4 8. O-O O-O 9. h3 Bxf3 10. Qxf3 Nbd7 11. c3 e6 12. g4 Qb6 13. b3 c5 14. f5 e5 15. dxe5 Nxe5 16. Qe2 Nxd3 17. Qxd3 d4 18. cxd4 cxd4 19. Nc4 Qc7 20. Bf4 Qd8 21. Qxd4 Nd5 22. Rad1 Nxf4 23. Qxf4 Qh4 24. Kg2 Bh6 25. Qg3 Qxg3+ 26. Kxg3 b5 27. Nd6 Bxe3 28. Nxb5 Bb6 29. Rd5 Rad8 30. Rfd1 Rxd5 31. Rxd5 Kg7 32. Kf3 Rc8 33. Rd3 Rc2 34. Nc3 Ba5 35. Ne4 gxf5 36. gxf5 Rxa2 37. f6+ Kg6 38. Rd5 h6 39. h4 Bb6 40. h5+ Kh7 41. Rd7 Kg8 42. Rb7 Rb2 43. Rb8+ Kh7 44. Rf8 Rxb3+ 45. Kg4 Rb4 46. Rxf7+ Kg8 47. Rg7+ Kf8 48. Kf5 Rb5+ 49. Kg6 Be3 50. Nd6 1-0


[Site "https://www.chess.com"]